General information
	        
			
        
        - name: HighUpInTheSKY
 
        - type: Custom game
 
        - host: HighUpInTheSKY
 
        - saver: TIMG4STRok
 
        
map: SecretValley 
        - players: 3
 
        - length: 18:52
 
        - speed: Fast
 - version: 1.22 W3XP
 - replay type:  

 
» download(125 KB)
Players
        team 1 (loser) 
              
              
» 
TIMG4STRok (
gray | 166 APM | 3141 actions | 18:52)
              
 4 Mountain King 
 2 Storm Bolt
 2 Bash
 3 Paladin 
 2 Holy Light
 1 Divine Shield
 1 Blood Mage 
 1 Banish
 
                » actions 
                
                | Assign group hotkey | 31 |  | 
| Basic commands | 170 |  | 
| Build / train | 72 |  | 
| ESC pressed | 4 |  | 
| Enter build submenu | 33 |  | 
| Enter hero's abilities submenu | 8 |  | 
| Give item / drop item | 1 |  | 
| Right click | 1466 |  | 
| Select / deselect | 319 |  | 
| Select group hotkey | 944 |  | 
| Use ability | 93 |  | 
                3141 total
 » units 
                
                | Peasant | 15 |  | 
| Footman | 7 |  | 
| Rifleman | 8 |  | 
| Flying Machine | 6 |  | 
                36 total
 » upgrades
                
                | Long Rifles | 1 |  | 
| Flak Cannons | 1 |  | 
| Gunpowder | 1 |  | 
                3 total
 » buildings
                
                | Altar of Kings | 1 |  | 
| Barracks | 1 |  | 
| Farm | 9 |  | 
| Scout Tower | 14 |  | 
| Arcane Tower | 1 |  | 
| Lumber Mill | 1 |  | 
| Arcane Vault | 1 |  | 
| Keep | 1 |  | 
| Guard Tower | 9 |  | 
| Blacksmith | 1 |  | 
| Castle | 1 |  | 
| Workshop | 1 |  | 
| Town Hall | 2 |  | 
                43 total
 » build order
                00:05 Altar of Kings
00:08 Barracks
00:24 Farm
01:04 Farm
01:51 Farm
02:17 Scout Tower
03:02 Arcane Tower
03:46 Farm
03:58 Lumber Mill
05:30 Arcane Vault
05:35 Keep
05:47 Scout Tower
05:50 Scout Tower
06:19 Guard Tower
07:06 Farm
07:08 Guard Tower
07:10 Blacksmith
08:13 Scout Tower
08:55 Castle
08:57 Workshop
08:59 Scout Tower
09:22 Farm
09:23 Farm
10:14 Town Hall
10:19 Scout Tower
10:19 Scout Tower
10:20 Scout Tower
10:21 Scout Tower
10:52 Guard Tower
10:55 Guard Tower
11:21 Guard Tower
11:53 Farm
12:43 Scout Tower
12:44 Scout Tower
13:28 Guard Tower
13:39 Guard Tower
14:33 Farm
16:43 Scout Tower
16:44 Scout Tower
16:45 Scout Tower
17:12 Guard Tower
17:13 Guard Tower
18:15 Town Hall
» items
                
                | Boots of Speed | 1 |  | 
| Scroll of Regeneration | 4 |  | 
| Lesser Clarity Potion | 3 |  | 
| Staff of Sanctuary | 1 |  | 
| Scroll of Town Portal | 1 |  | 
                10 total
  
               team 2 (winner) 
              
              
tera.h4x (
red | 97 APM | 1823 actions | 18:52)
              
 4 Death Knight 
 2 Death Coil
 2 Unholy Aura
 4 Lich 
 2 Frost Nova
 2 Frost Armor
 3 Dark Ranger 
 1 Black Arrow
 2 Silence
 
                » actions 
                
                | Assign group hotkey | 202 |  | 
| Basic commands | 26 |  | 
| Build / train | 53 |  | 
| ESC pressed | 3 |  | 
| Enter build submenu | 18 |  | 
| Enter hero's abilities submenu | 11 |  | 
| Give item / drop item | 2 |  | 
| Remove unit from queue | 1 |  | 
| Right click | 695 |  | 
| Select / deselect | 317 |  | 
| Select group hotkey | 437 |  | 
| Use ability | 58 |  | 
                1823 total
 » units 
                
                | Acolyte | 6 |  | 
| Ghoul | 7 |  | 
| Obsidian Statue | 6 |  | 
| Crypt Fiend | 4 |  | 
| Meatwagon | 2 |  | 
| Frost Wyrm | 1 |  | 
                26 total
 » upgrades
                
                | Ghoul Frenzy | 1 |  | 
| Destroyer Form | 1 |  | 
| Web | 1 |  | 
                3 total
 » buildings
                
                | Altar of Darkness | 1 |  | 
| Crypt | 1 |  | 
| Ziggurat | 7 |  | 
| Tomb of Relics | 1 |  | 
| Halls of the Dead | 1 |  | 
| Nerubian Tower | 1 |  | 
| Graveyard | 1 |  | 
| Black Citadel | 1 |  | 
| Slaughterhouse | 1 |  | 
| Sacrificial Pit | 1 |  | 
| Boneyard | 1 |  | 
                17 total
 » build order
                00:07 Altar of Darkness
00:11 Crypt
00:30 Ziggurat
01:08 Tomb of Relics
01:39 Ziggurat
03:06 Halls of the Dead
04:02 Nerubian Tower
04:28 Graveyard
05:20 Ziggurat
05:30 Black Citadel
05:51 Slaughterhouse
05:52 Sacrificial Pit
07:26 Ziggurat
10:02 Ziggurat
12:11 Ziggurat
13:30 Boneyard
13:55 Ziggurat
» items
                
                | Rod of Necromancy | 1 |  | 
| Staff of Teleportation | 1 |  | 
| Orb of Corruption | 1 |  | 
| Potion of Lesser Invulnerability | 2 |  | 
| Scroll of Town Portal | 1 |  | 
                6 total
  
               refereesHighUpInTheSKY Chat log
          (00:03 / All) HighUpInTheSKY: hf
(00:10 / All) TIMG4STRok: gg gl;
(00:19 / All) tera.h4x: i love sv
(00:19 / All) tera.h4x: hf
(00:24 / All) TIMG4STRok: lag
(00:24 / All) TIMG4STRok: sigh
(00:36 / All) HighUpInTheSKY: lag?
(00:38 / All) HighUpInTheSKY: i was tabbed
(00:40 / All) TIMG4STRok: its on my end probably
(00:44 / All) TIMG4STRok: been discing a lot lately
(00:51 / All) HighUpInTheSKY: im loading a video right now, can you notice?
(00:55 / All) TIMG4STRok: n
(00:57 / All) tera.h4x: nope
(01:01 / All) HighUpInTheSKY: lolsweden
(01:35 / All) TIMG4STRok: forgot to save last replay, gonna tab out and upload it before i leave
(01:41 / All) tera.h4x: i saved
(01:42 / All) tera.h4x: it
(01:44 / All) TIMG4STRok: ok
(04:23 / All) tera.h4x: sky strat?
(04:33 / All) TIMG4STRok: dont watch replays really
(05:38 / All) TIMG4STRok: thats game
(05:41 / All) TIMG4STRok: fucking forgot tot ech
(06:05 / All) HighUpInTheSKY: dont give up! theres still time to mass oh so many towers!
(06:09 / All) TIMG4STRok: you know it
(08:06 / All) TIMG4STRok: god damn you tech fast
(13:09 / All) tera.h4x: tt
(17:39 / All) tera.h4x: -_-
(18:48 / All) TIMG4STRok: gay fog of war
(18:50 / All) TIMG4STRok: gg